 Dungeon Crawl Stone Soup version 0.28-a0-1033-g1a2f33fa85 (console) character file.

Game seed: 13422341685668943864

21 petzl the Vexing (level 2, 0/18 HPs)
             Began as an Octopode Arcane Marksman on Dec 8, 2021.
             Slain by a ball python (2 damage)
             ... on level 1 of the Dungeon.
             The game lasted 00:00:40 (557 turns).

petzl the Vexing (Octopode Arcane Marksman)          Turns: 557, Time: 00:00:43

Health: 0/18       AC:  1    Str:  9    XL:     2   Next: 87%
Magic:  4/4        EV: 10    Int: 15    God:
Gold:   26         SH:  0    Dex: 12    Spells: 2/3 levels left

rFire   . . .      SeeInvis .   a - +0 hand crossbow
rCold   . . .      Faith    .   (no shield)
rNeg    . . .      Spirit   .   (helmet restricted)
rPois   .          Reflect  .   (no amulet)
rElec   .          Harm     .   (no ring)
rCorr   .          Rampage  .   (no ring)
Will    .....                   (no ring)
Stlth   +++.......              (no ring)
HPRegen 0.06/turn               (no ring)
MPRegen 0.09/turn               (no ring)
                                (no ring)
                                (no ring)

@: constricted
A: almost no armour, amphibious, 8 rings, camouflage 1, gelatinous body 1,
(nimble swimmer 1), tentacles
a: no special abilities


You were on level 1 of the Dungeon.
You visited 1 branch of the dungeon, and saw 1 of its levels.

You collected 26 gold pieces.

Inventory:

Hand Weapons
 a - a +0 hand crossbow (weapon)
Missiles
 c - 6 bolts (quivered ammo)
Scrolls
 b - a scroll of teleportation {unknown}
 d - 3 scrolls of identify {unknown}
Potions
 e - a potion of ambrosia {unknown}


   Skills:
 + Level 1.4 Fighting
 + Level 2.3 Crossbows
 + Level 2.2 Dodging
 + Level 1.3 Stealth
 + Level 1.3 Spellcasting
 - Level 3.0 Hexes


You had 2 spell levels left.
You knew the following spells:

 Your Spells              Type           Power      Damage    Failure   Level
a - Slow                  Hex            40%        N/A       7%          1

Your spell library contained the following spells:

 Spells                   Type           Power      Damage    Failure   Level
 Sandblast                Erth           2%         2d4       24%         1
 Passwall                 Tmut/Erth      0%         N/A       34%         2
 Inner Flame              Hex/Fire       5%         N/A       36%         3
 Portal Projectile        Hex/Tloc       10%        N/A       36%         3
 Stone Arrow              Conj/Erth      2%         3d7       56%         3
 Cause Fear               Hex            5%         N/A       56%         4


Dungeon Overview and Level Annotations

Branches:
Dungeon (1/15)

Altars:


Innate Abilities, Weirdness & Mutations

You cannot wear most types of armour.
You are amphibious.
You can wear up to eight rings at the same time.
Your skin changes colour to match your surroundings (Stealth+).
Your rubbery body absorbs attacks. (AC +1, EV +1)
((You are camouflaged near water. (Stealth+)))
You have tentacles for arms and can constrict up to eight enemies at once.


Message History

A ball python is nearby!
A ball python is nearby!
You shoot a bolt. The bolt barely misses the ball python.
The ball python closely misses you. The ball python grabs you.
The ball python constricts you.
You shoot a bolt.
The bolt closely misses the ball python.
The ball python closely misses you. The ball python constricts you.
The ball python bites you. The ball python constricts you.
You shoot a bolt. The bolt barely misses the ball python.
The ball python bites you. The ball python constricts you.
The ball python bites you. The ball python constricts you.
You are too injured to fight recklessly!
You are too injured to fight recklessly!
You are too injured to fight recklessly!
You are too injured to fight recklessly!
You are too injured to fight recklessly!
You are too injured to fight recklessly!
Fire: 9 bolts
Press: ? - help, Q - select action, (/) - cycle Shift-Dir - straight line, f/p - ball python
Aim: a ball python (constricting you, 58% to hit)
You shoot a bolt.
The bolt closely misses the ball python.
The ball python bites you. The ball python constricts you.
Fire: 8 bolts
Press: ? - help, Q - select action, (/) - cycle Shift-Dir - straight line, f/p - ball python
Aim: a ball python (constricting you, 58% to hit)
You shoot a bolt. The bolt barely misses the ball python.
The ball python closely misses you. The ball python constricts you.
* * * LOW HITPOINT WARNING * * *
The ball python bites you.
* * * LOW HITPOINT WARNING * * *
The ball python constricts you.
A ball python is nearby!
Unknown command.
Unknown command.
Fire: 7 bolts
Press: ? - help, Q - select action, (/) - cycle Shift-Dir - straight line, f/p - ball python
Aim: a ball python (constricting you, 58% to hit)
You shoot a bolt. The bolt hits the ball python.
The ball python is moderately wounded.
The ball python bites you.
You die...

##### #...# #...# #...# #...# #...#
######...## .......)... ######.....
###..[ .. #... #..########### #...
#......S.....# #... # #@# #... ###.
#.# #(.. .....###.#####.# ########...
................ ..........
########...####.# ##........
...........# #.# #........
.≈≈≈≈≈.....# #.# #........
≈≈≈≈##....# #.# #........ #####.##..#
#.# #........ #.##.##≈≈.##
#.##########........ #...##≈≈≈..#
#.##................ #.###≈≈≈≈≈.#
#.##.#######†.......
..######.#≈≈≈≈≈≈≈.# #.##.# #########
.........#≈≈≈≈≈≈≈.# #.##.############
#.######.#≈≈≈≈≈≈≈.###.##.#...)......#
#.#####≈≈≈........#..........# #
#.....#≈≈..###.####..........####
#.#..##≈≈......#..'.......(..)..'
###.#.##..####.#.##..........####


You could see a ball python.

Vanquished Creatures
  A dart slug (D:1)
  2 ball pythons (D:1)
  3 endoplasms (D:1)
  A giant cockroach (D:1)
  2 goblins (D:1)
  A hobgoblin (D:1)
  A quokka (D:1)
  2 bats (D:1)
  4 kobolds (D:1)
  A rat (D:1)
18 creatures vanquished.

Notes
Turn   | Place    | Note
-------+----------+-------------------------------------------
     0 | D:1      | petzl the Octopode Arcane Marksman began the quest for the
                  | Orb.
     0 | D:1      | Reached XP level 1. HP: 13/13 MP: 2/2
    75 | D:1      | Reached XP level 2. HP: 18/18 MP: 3/3
   151 | D:1      | Reached skill level 1 in Stealth
   557 | D:1      | Slain by a ball python

Illustrated notes

Levels and vault maps discovered:
D:1:      amcnicky_arrival_choice, layout_basic, grunt_decor_junction,
          minmay_door_square

Skill      XL: |  1  2 |
---------------+-------+-----
Stealth        | 1 |  1.3
Fighting       | |  1.4
Crossbows      | |  2.3
Dodging        | |  2.2
Spellcasting   | |  1.3
Hexes          | |  3.0

Action                   || total
-------------------------++-------
 Fire: Hand crossbow     ||    41
Dodge: Dodged            ||    19

Table legend: (Time is in decaauts)
 A = Elapsed time spent in this place.
 B = Non-inter-level travel time spent in this place.
 C = Inter-level travel time spent in this place.
 D = Time resting spent in this place.
 E = Time spent auto-exploring this place.
 F = Levels seen in this place.
 G = Mean time per level.
                   A        B        C        D        E       F      G
               +--------+--------+--------+--------+--------+-----+--------+
         Total |    572 |    572 |      0 |      0 |    472 |   1 |  572.0 |
       Dungeon |    572 |    572 |      0 |      0 |    472 |   1 |  572.0 |
               +--------+--------+--------+--------+--------+-----+--------+

Top non-repeatable levels by time:
     D:1: 572 daAuts
